 Dungeon Crawl Stone Soup version 0.29.1-15-g9cfb28693d (webtiles) character file.

Game seed: 9072585349720857233

1895 tizbic2 the Skirmisher (level 8, -8/49 HPs)
             Began as a Deep Elf Hunter on Apr 18, 2023.
             Was an Initiate of Gozag.
             Mangled by a two-headed ogre
             ... wielding a +0 giant club
              (16 damage)
             ... on level 6 of the Dungeon on Apr 19, 2023.
             The game lasted 00:22:35 (6574 turns).

tizbic2 the Skirmisher (Deep Elf Hunter)            Turns: 6574, Time: 00:22:36

Health: -8/49      AC: 16    Str: 14    XL:     8   Next: 93%
Magic:  22/22      EV:  5    Int: 15    God:    Gozag
Gold:   724        SH:  0    Dex: 20    Spells: 12/12 levels left

rFire   . . .      SeeInvis .   w - +4 shortbow (freeze)
rCold   . . .      Faith    .   (shield currently unavailable)
rNeg    . . .      Spirit   .   s - +0 plate armour
rPois   .          Reflect  .   (no helmet)
rElec   .          Harm     .   A - +0 cloak
rCorr   .          Rampage  .   d - +2 pair of gloves
Will    .....                   (no boots)
Stlth   ..........              y - amulet of the acrobat
HPRegen 0.16/turn               e - +6 ring of strength
MPRegen 0.18/turn               g - ring of magical power

@: no status effects
A: no striking features
a: Renounce Religion, Potion Petition, Call Merchant, Bribe Branch


You were on level 6 of the Dungeon.
You worshipped Gozag.
Gozag was pleased with you.
You visited 1 branch of the dungeon, and saw 6 of its levels.

You collected 770 gold pieces.
You paid 46 gold pieces to Gozag.

Inventory:

Hand Weapons
 a - a +1 dagger of venom
 q - a +0 rapier
 w - a +4 shortbow of freezing (weapon)
 x - a +0 trident of protection
 z - a +0 dagger of holy wrath
Missiles
 j - 3 throwing nets
 o - 11 poisoned darts
Armour
 d - a +2 pair of gloves (worn)
 s - a +0 plate armour (worn)
 A - a +0 cloak (worn)
 B - a +3 leather armour of cold resistance
Magical Staves
 n - a staff of air
Jewellery
 e - a +6 ring of strength (left hand)
 g - a ring of magical power (right hand)
 y - an amulet of the acrobat (around neck)
 D - a ring of ice
Wands
 c - a wand of roots (14)
 p - a wand of mindburst (12)
Scrolls
 b - 2 scrolls of immolation
 f - 3 scrolls of teleportation
 h - 3 scrolls of vulnerability
 k - a scroll of fog
 l - a scroll of magic mapping
 u - a scroll of amnesia {unknown}
 C - a scroll of noise {unknown}
Potions
 i - a potion of curing
 m - a potion of might {unknown}
 r - a potion of flight
 t - a potion of mutation {unknown}
 v - a potion of magic {unknown}


   Skills:
 + Level 5.0 Fighting
 * Level 11.8 Ranged Weapons
 + Level 4.2 Armour
 - Level 2.4 Dodging
 - Level 1.2 Stealth
 - Level 2.6 Spellcasting


You had 12 spell levels left.
You didn't know any spells.
Your spell library contained the following spells:

 Spells                   Type           Power      Damage    Failure   Level
 Freeze                   Ice            4%         1d3       100%        1
 Sublimation of Blood     Necr           1%         N/A       100%        2
 Frozen Ramparts          Ice            2%         1d1       100%        3
 Gell's Gravitas          Tloc           1%         N/A       100%        3
 Teleport Other           Tloc           1%         N/A       100%        3
 Hailstorm                Conj/Ice       1%         3d3       100%        4
 Petrify                  Tmut/Erth      1%         N/A       100%        4
 Irradiate                Conj/Tmut      0%         3d11      100%        5
 Dispersal                Tloc           0%         N/A       100%        6


Dungeon Overview and Level Annotations

Branches:
Dungeon (6/15)             Temple (0/1) D:5

Altars:
Gozag
Hepliaklqana
Kikubaaqudgha
Okawaru
Qazlal
Wu Jian
The Shining One


Message History

Aim: a two-headed ogre, wielding two +0 giant clubs (82% to hit)
You shoot an arrow.
The arrow barely misses the two-headed ogre.
You shoot an arrow. The arrow hits the two-headed ogre!
The arrow freezes the two-headed ogre.
The two-headed ogre is lightly wounded.
The two-headed ogre is distracted by your dazzling golden aura.
Unknown command.
Fire: w) +4 shortbow (freeze)
Press: ? - help, Q - select action, (/) - cycle Shift-Dir - straight line, f/p - two-headed ogre
Aim: a two-headed ogre, wielding two +0 giant clubs (lightly wounded, unaware, hasn't noticed you, 82% to hit)
You shoot an arrow. The two-headed ogre shouts in stereo!
The arrow hits the two-headed ogre.
The arrow freezes the two-headed ogre.
The two-headed ogre is no longer distracted by gold.
The two-headed ogre is moderately wounded.
The two-headed ogre hits you with a +0 giant club!
The two-headed ogre barely misses you.
Fire: w) +4 shortbow (freeze)
Press: ? - help, Q - select action, (/) - cycle Shift-Dir - straight line, f/p - two-headed ogre
Aim: a two-headed ogre, wielding two +0 giant clubs (moderately wounded, 82% to hit)
You shoot an arrow. The arrow hits the two-headed ogre.
The arrow freezes the two-headed ogre.
The two-headed ogre is heavily wounded.
The two-headed ogre hits you with a +0 giant club.
The two-headed ogre hits you with a +0 giant club!!
Ouch! That really hurt!
* * * LOW HITPOINT WARNING * * *
Fire: w) +4 shortbow (freeze)
Press: ? - help, Q - select action, (/) - cycle Shift-Dir - straight line, f/p - two-headed ogre
Aim: a two-headed ogre, wielding two +0 giant clubs (heavily wounded, 82% to hit)
You shoot an arrow. The arrow hits the two-headed ogre!
The arrow freezes the two-headed ogre.
The two-headed ogre is severely wounded.
The two-headed ogre hits you with a +0 giant club.
* * * LOW HITPOINT WARNING * * *
The two-headed ogre closely misses you. The two-headed ogre barely misses you.
The two-headed ogre hits you with a +0 giant club!
You die...
Your body crumbles into a pile of gold.

.....# #.#.# ..#.##
######.#.#### ..#.#
#......#.#..# .# ..#.#
#......#.#..#...# ..#.##
#......#........#
#....###......#..#.#.....
..........######.######..
########.##≈.~##$~##..# #
.###...##@~.##.# ##
⌠#..~~O⌠.###≈⌠#
#~≈^##)$$#~#...
..#..##.#..~~.. ..~.#
##..##..~ # .~.#. . #^#
#.~ ## ..^ . ..~ ~ .## #⌠
.. ~.^ ..#


You could see a two-headed ogre.

Vanquished Creatures
  Grinder (D:4)
  Eustachio (D:5)
  A black bear (D:4)
  An ogre (D:6)
  A centaur (D:5)
  A phantom (D:4)
  A bullfrog (D:6)
  3 scorpions
  A wight (D:6)
  2 jellies
  Crazy Yiuf (D:5)
  3 hounds
  2 orc priests (D:5)
  A gnoll bouda (D:4)
  3 iguanas
  Ijyb (D:3)
  Terence (D:2)
  Natasha (thrice) (D:4)
  5 orc wizards
  16 gnolls
  10 adders
  A shadow imp (D:5)
  A white imp (D:6)
  2 ufetubi
  2 worms (D:3)
  3 dart slugs
  8 orcs
  5 ball pythons
  4 bats
  2 endoplasms
  2 giant cockroaches
  7 goblins
  7 hobgoblins
  7 jackals
  9 kobolds
  3 quokkas
  5 frilled lizards
  8 rats
135 creatures vanquished.

Notes
Turn   | Place    | Note
-------+----------+-------------------------------------------
     0 | D:1      | tizbic2 the Deep Elf Hunter began the quest for the Orb.
     0 | D:1      | Reached XP level 1. HP: 12/12 MP: 3/3
   221 | D:1      | Reached skill level 1 in Spellcasting
   221 | D:1      | Reached XP level 2. HP: 12/17 MP: 5/5
   532 | D:1      | Found a faded altar of an unknown god.
   719 | D:1      | Reached skill level 6 in Ranged Weapons
   763 | D:1      | Reached XP level 3. HP: 21/21 MP: 7/7
  1325 | D:2      | Noticed Terence
  1352 | D:2      | Reached XP level 4. HP: 7/26 MP: 9/9
  1690 | D:2      | Killed Terence
  2077 | D:3      | Reached skill level 7 in Ranged Weapons
  2096 | D:3      | Reached XP level 5. HP: 31/31 MP: 10/10
  2233 | D:3      | Noticed Ijyb
  2253 | D:3      | Killed Ijyb
  2254 | D:3      | Reached skill level 1 in Armour
  2501 | D:3      | Found an opulent altar of Gozag.
  2501 | D:3      | Found an iron altar of Okawaru.
  2501 | D:3      | Found a stormy altar of Qazlal.
  2514 | D:3      | Became a worshipper of Gozag Ym Sagoz the Greedy
  3167 | D:4      | Noticed a black bear
  3172 | D:4      | Killed a black bear
  3173 | D:4      | Reached skill level 8 in Ranged Weapons
  3173 | D:4      | Reached XP level 6. HP: 24/37 MP: 11/11
  3307 | D:4      | Noticed Grinder
  3310 | D:4      | Paralysed by Grinder for 5 turns
  3319 | D:4      | HP: 1/37 [Grinder/nerve-wracking pain (10)]
  3321 | D:4      | Killed Grinder
  3322 | D:4      | Reached XP level 7. HP: 2/41 MP: 12/12
  3668 | D:4      | Noticed Natasha
  3674 | D:4      | Killed Natasha
  3696 | D:4      | Found a hazy altar of Hepliaklqana.
  3901 | D:4      | Reached skill level 9 in Ranged Weapons
  4171 | D:4      | Noticed Natasha
  4175 | D:4      | Killed Natasha
  4206 | D:4      | Found a glowing golden altar of the Shining One.
  4346 | D:4      | Noticed Natasha
  4349 | D:4      | Killed Natasha
  4379 | D:5      | Entered Level 5 of the Dungeon
  4750 | D:5      | Reached skill level 10 in Ranged Weapons
  4750 | D:5      | Reached XP level 8. HP: 31/48 MP: 13/13
  4971 | D:5      | Found a runed translucent door.
  4972 | D:5      | Noticed Crazy Yiuf
  4980 | D:5      | Killed Crazy Yiuf
  5178 | D:5      | Found a staircase to the Ecumenical Temple.
  5212 | D:5      | Noticed Eustachio
  5231 | D:5      | Killed Eustachio
  5313 | D:5      | Found an ancient bone altar of Kikubaaqudgha.
  5990 | D:6      | Reached skill level 11 in Ranged Weapons
  6003 | D:6      | Found an ornate altar of the Wu Jian Council.
  6216 | D:6      | Reached skill level 5 in Fighting
  6548 | D:6      | Noticed a two-headed ogre
  6574 | D:6      | Mangled by a two-headed ogre

Illustrated notes

Levels and vault maps discovered:
D:1:      psy_arrival_radial02, layout_loops_ring,
          hellmonk_ecumenical_altar_heavens_door, minmay_box_of_dots
D:2:      layout_basic, uniq_terence
D:3:      minmay_spotlight, layout_rooms, gammafunk_temple_overflow_claw,
          minivault_23, uniq_ijyb
D:4:      layout_basic, nicolae_tso_swordbearing_angel,
          worldfamousw_hep_ancestral_shrine, uniq_natasha, uniq_grinder
D:5:      layout_basic, mainiacjoe_overflow_alcove_1,
          minmay_temple_entry_slanted, uniq_eustachio, uniq_crazy_yiuf_cottage
D:6:      layout_basic, tgw_xom, nzn_wu_jian_council_hall,
          minmay_fractal_squares_5, uniq_edmund

Skill      XL: |  1  2  3  4  5  6  7  8 |
---------------+-------------------------+-----
Spellcasting   | 1 2 |  2.6
Ranged Weapons | 6 7 8 10 11 | 11.8
Fighting       | 2 3 4 5 |  5.0
Armour         | 1 2 3 4 |  4.2
Dodging        | |  2.4
Stealth        | |  1.2

Action                   |  1- 3 |  4- 6 |  7- 9 || total
-------------------------+-------+-------+-------++-------
 Fire: Shortbow          |    84 |    81 |   217 ||   382
  Use: Scroll            |     2 |     3 |     5 ||    10
       Potion            |       |     2 |     1 ||     3
Armor: Leather armour    |     5 |       |       ||     5
       Ring mail         |     7 |    10 |    20 ||    37
       Plate armour      |       |       |    79 ||    79
Dodge: Dodged            |    21 |    11 |    60 ||    92
